 Dungeon Crawl Stone Soup version 0.21.1-1-g345015f (webtiles) character file.

10375 shakethe the Basher (level 11, -6/130 HPs)
             Began as a Demonspawn Berserker on Feb 5, 2018.
             Was a High Priest of Trog.
             Killed from afar by a gargoyle (13 damage)
             ... with a stone arrow
             ... in a labyrinth.
             The game lasted 00:54:57 (13888 turns).

shakethe the Basher (Demonspawn Berserker)         Turns: 13888, Time: 00:54:57

Health: -6/130     AC: 19    Str: 25    XL:     11   Next: 35%
Magic:  11/11      EV:  8    Int:  8    God:    Trog [*****.]
Gold:   637        SH:  0    Dex: 18    Spells: 10/10 levels left

rFire    . . .     SeeInvis +   f - +9 great sword "Wunir" {drain, Dex+4}
rCold    . . .     Gourm    .   (shield currently unavailable)
rNeg     . . .     Faith    .   L - +0 plate armour
rPois    .         Spirit   .   (helmet restricted)
rElec    .         Reflect  .   (no cloak)
rCorr    .         Harm     .   h - +0 pair of gloves
MR       ++...                  y - +0 pair of boots
Stlth    ..........             A - amulet of rage
HPRegen  1.31/turn              C - ring of see invisible
MPRegen  0.12/turn              a - +1 ring of protection

@: mighty, berserking, regenerating, very quick
A: antennae 1, icy blue scales 1, nightstalker 2, powered by pain 1
a: Berserk, Trog's Hand, Brothers in Arms, Burn Spellbooks, Renounce Religion,
Evoke Berserk Rage


You were in a labyrinth.
You worshipped Trog.
Trog was extremely pleased with you.
You were not hungry.

You visited 3 branches of the dungeon, and saw 12 of its levels.
You also visited: Labyrinth and Sewer.

You collected 637 gold pieces.

Inventory:

Hand Weapons
 e - a +2 trident of freezing
 f - the +9 great sword "Wunir" (weapon) {drain, Dex+4}
   (You found it on level 10 of the Dungeon)

   A truly terrible weapon, it drains the life of those it strikes.
   It affects your dexterity (+4).
 g - a +1 flail of protection
 o - a +0 scimitar of holy wrath
 u - a +0 short sword of electrocution
Missiles
 r - 6 tomahawks
 M - 3 javelins of penetration (quivered)
Armour
 h - a +0 pair of gloves (worn)
 y - a +0 pair of boots (worn)
 E - a +0 buckler
 L - a +0 plate armour (worn)
 N - the +0 buckler "Teledet" {rElec rCorr Str-4 Stlth+}
   (You found it in a labyrinth)

   It affects your strength (-4).
   It insulates you from electricity.
   It protects you from acid and corrosion.
   It makes you more stealthy.
Jewellery
 a - a +1 ring of protection (right hand)
 k - an uncursed ring of protection from cold
 A - an amulet of rage (around neck)
 C - a ring of see invisible (left hand)
 D - an uncursed amulet of rage
 P - an uncursed ring of fire
 V - an uncursed ring of teleportation
Wands
 b - a wand of digging (14)
 n - a wand of polymorph (7)
 q - a wand of disintegration (10)
 x - a wand of paralysis (27)
 X - a wand of iceblast (15)
Scrolls
 j - 2 scrolls of magic mapping
 p - 2 scrolls of teleportation
 z - a scroll of brand weapon {unknown}
 G - 2 scrolls of remove curse
 I - 2 scrolls of amnesia {unknown}
 J - 6 scrolls of identify
 K - 2 scrolls of fog {unknown}
 O - 2 scrolls of random uselessness {unknown}
 R - 2 scrolls of blinking
 S - a scroll of noise {unknown}
 T - a scroll of enchant weapon {unknown}
 Z - a scroll of immolation {unknown}
Potions
 d - 3 potions of curing
 i - 3 potions of mutation {unknown}
 l - 3 potions of might {unknown}
 m - 5 potions of flight
 s - 6 potions of heal wounds
 t - 2 potions of agility {unknown}
 v - a potion of degeneration {unknown}
 w - 2 potions of berserk rage {unknown}
 B - a potion of magic {unknown}
 W - 2 potions of brilliance {unknown}
Books
 F - a book of Maledictions

   Spells                             Type                      Level
   a - Corona                         Hexes                        1
   b - Ensorcelled Hibernation        Hexes/Ice                    2
   c - Confuse                        Hexes                        3
   d - Tukima's Dance                 Hexes                        3
   e - Dazzling Spray                 Conjuration/Hexes            3
   Trog disapproves of the use of such an item.
 H - a book of Cantrips

   Spells                             Type                      Level
   a - Confusing Touch                Hexes                        1
   b - Animate Skeleton               Necromancy                   1
   c - Summon Small Mammal            Summoning                    1
   d - Apportation                    Translocation                1
   Trog disapproves of the use of such an item.
Comestibles
 c - 6 rations


   Skills:
 - Level 8.7 Fighting
 * Level 1.9 Long Blades
   Level 5.1(8.1) Axes
 * Level 9.7(10.2) Maces & Flails
 - Level 7.6 Armour
 - Level 1.7 Dodging
 - Level 6.5 Shields


You had 10 spell levels left.
You didn't know any spells.

Dungeon Overview and Level Annotations

Branches:
Dungeon (10/15)            Temple (1/1) D:7            Lair (1/6) D:10
    Orc: D:9-12

Altars:
Ashenzari
Cheibriados
Dithmenos
Fedhas
Hepliaklqana
Kikubaaqudgha
Qazlal
Ru
Sif Muna
Wu Jian
Xom
Yredelemnul
The Shining One

Shops:
D:10 :


Innate Abilities, Weirdness & Mutations

You have a pair of small antennae on your head.
You are partially covered in icy blue scales. (AC +2)
You are significantly more attuned to the shadows.
You sometimes gain a little power by taking damage.


Message History

The gargoyle hurls a stone arrow at you.
The stone arrow hits you!
* * * LOW HITPOINT WARNING * * *
The gargoyle barely misses you.
The gargoyle hits you but does no damage.
You are too berserk!
You slice the gargoyle!!
You destroy the gargoyle!
Trog accepts your kill. The gargoyle barely misses you.
You riposte.
You slice the gargoyle!!
You destroy the gargoyle!
Trog accepts your kill.
Your plate armour prevents you from hitting the gargoyle.
The gargoyle hurls a stone arrow at you.
The stone arrow hits you!
* * * LOW HITPOINT WARNING * * *
You barely miss the gargoyle.
The gargoyle hurls a stone arrow at you.
The stone arrow hits you!
You die...

### .. ..#
# ### #.#
# #.# #.
.. .# ##
##.#####.
.# #.
.......#..
#.#####.
##. .#.#.#
...... .#
#.#.#.#.#
.# # ##
#####)@# .
##9)# . #
# .#.# .
#. .). .##
## .8.#
.$..


You could see a gargoyle.

Vanquished Creatures
  A two-headed ogre (D:10)
  An unseen horror (Lab)
  Joseph (D:8)
  3 gargoyles (Lab)
  Psyche (D:8)
  A polar bear (D:10)
  A hippogriff (D:8)
  A redback (Lab)
  A spriggan (D:7)
  9 yaks (D:10)
  A wraith (D:10)
  2 hungry ghosts (D:9)
  2 water moccasins
  2 sky beasts
  An orc warrior (D:7)
  4 ice beasts (D:10)
  6 ogres
  2 phantoms (D:9)
  A black bear (D:7)
  A necrophage (D:7)
  A wolf (D:10)
  A hornet zombie (D:9)
  An eye of draining (D:10)
  3 centaurs
  A crocodile (Lair:1)
  5 bullfrogs
  A water moccasin zombie (D:9)
  A scorpion (D:7)
  5 killer bees (D:8)
  2 troll skeletons (Lab)
  A quasit (D:7)
  3 crimson imps
  2 bullfrog zombies
  9 orc priests
  7 hounds
  2 jellies
  2 gnoll shamans
  2 iguanas
  4 centaur skeletons (Lab)
  16 orc wizards
  8 worker ants
  A merfolk avatar (Sewer)
  A merfolk siren (Sewer)
  2 centaur simulacra (D:10)
  A hound zombie (D:6)
  2 ogre skeletons (Lab)
  A hound skeleton (D:4)
  A howler monkey zombie (D:7)
  12 gnolls
  11 adders
  5 river rats (Sewer)
  A shadow imp (D:4)
  3 white imps (D:10)
  A worker ant simulacrum (D:10)
  2 ufetubi (D:10)
  2 adder skeletons
  4 worms
  A dart slug (D:1)
  6 leopard geckos
  48 orcs
  3 bats
  10 giant cockroaches
  8 goblins
  8 hobgoblins
  18 jackals
  4 quokkas
  6 ball pythons
  7 frilled lizards
  8 kobolds
  A leopard gecko skeleton (D:9)
  A leopard gecko zombie (D:5)
  A quokka skeleton (D:5)
  15 rats
314 creatures vanquished.

Vanquished Creatures (others)
  2 orc wizards
  4 plants (D:8)
6 creatures vanquished.

Grand Total: 320 creatures vanquished

Notes
Turn   | Place    | Note
-------+----------+-------------------------------------------
     0 | D:1      | shakethe the Demonspawn Berserker began the quest for the Orb.
     0 | D:1      | Reached XP level 1. HP: 18/18 MP: 1/1
   568 | D:1      | Gained mutation: You are slightly more attuned to the shadows. [demonic ancestry]
   568 | D:1      | Reached XP level 2. HP: 17/24 MP: 2/2
  1326 | D:1      | Reached XP level 3. HP: 23/29 MP: 3/3
  2179 | D:3      | Reached ** piety under Trog
  2200 | D:3      | Gained mutation: You sometimes gain a little power by taking damage. [demonic ancestry]
  2200 | D:3      | Reached XP level 4. HP: 20/35 MP: 4/4
  2277 | D:3      | Found a basalt altar of Yredelemnul.
  2819 | D:4      | Gained mutation: You are partially covered in icy blue scales. (AC +2) [demonic ancestry]
  2819 | D:4      | Reached XP level 5. HP: 42/42 MP: 5/5
  3076 | D:4      | Reached XP level 6. HP: 48/48 MP: 6/6
  3126 | D:4      | Paralysed by an orc for 4 turns
  3428 | D:4      | Found a shimmering altar of Xom.
  3469 | D:4      | Reached skill level 5 in Axes
  3477 | D:4      | Found a deep blue altar of Sif Muna.
  3678 | D:4      | Found a shadowy altar of Dithmenos.
  3884 | D:5      | Entered Level 5 of the Dungeon
  3994 | D:5      | Reached *** piety under Trog
  4091 | D:5      | Reached skill level 1 in Maces & Flails
  4201 | D:5      | Noticed a water moccasin
  4216 | D:5      | Killed a water moccasin
  4216 | D:5      | Reached skill level 1 in Shields
  4216 | D:5      | Reached XP level 7. HP: 55/55 MP: 7/7
  4255 | D:5      | Found a glowing drain.
  4263 | Sewer    | Entered a sewer
  4366 | Sewer    | Reached skill level 2 in Maces & Flails
  5183 | D:6      | Reached skill level 5 in Fighting
  5263 | D:6      | Reached skill level 3 in Maces & Flails
  5490 | D:6      | Received a gift from Trog
  5957 | D:6      | Found a basalt altar of Yredelemnul.
  5992 | D:6      | Reached XP level 8. HP: 62/62 MP: 8/8
  6206 | D:6      | Found a blossoming altar of Fedhas.
  6296 | D:6      | Found a glowing golden altar of the Shining One.
  6300 | D:6      | Noticed an angel
  6326 | D:6      | Noticed a profane servitor
  6467 | D:7      | Reached skill level 4 in Maces & Flails
  6662 | D:7      | Reached **** piety under Trog
  6662 | D:7      | Reached skill level 5 in Armour
  6978 | D:7      | Reached skill level 5 in Maces & Flails
  7227 | D:7      | Reached XP level 9. HP: 61/68 MP: 9/9
  7288 | D:7      | Found a snail-covered altar of Cheibriados.
  7289 | D:7      | Found a shattered altar of Ashenzari.
  7823 | D:7      | Found a staircase to the Ecumenical Temple.
  7944 | Temple   | Entered the Ecumenical Temple
  7983 | D:8      | Found a hazy altar of Hepliaklqana.
  7997 | D:8      | Reached skill level 6 in Maces & Flails
  8192 | D:8      | Found a hazy altar of Hepliaklqana.
  8744 | D:8      | Noticed Psyche
  8754 | D:8      | Killed Psyche
  9060 | D:8      | Reached skill level 7 in Maces & Flails
  9190 | D:8      | Found an ornate altar of the Wu Jian Council.
  9353 | D:8      | Noticed Joseph
  9371 | D:8      | Killed Joseph
  9371 | D:8      | Reached skill level 5 in Shields
  9371 | D:8      | Gained mutation: You are significantly more attuned to the shadows. [demonic ancestry]
  9371 | D:8      | Reached XP level 10. HP: 70/79 MP: 10/10
  9415 | D:8      | Found a stormy altar of Qazlal.
  9545 | D:8      | Found a blossoming altar of Fedhas.
  9545 | D:8      | Found an ancient bone altar of Kikubaaqudgha.
  9764 | D:9      | Found a sacrificial altar of Ru.
 10736 | D:10     | Entered Level 10 of the Dungeon
 10822 | D:10     | Reached skill level 8 in Maces & Flails
 10940 | D:10     | Found a staircase to the Lair.
 11061 | D:10     | Reached ***** piety under Trog
 11451 | D:10     | Noticed a two-headed ogre
 11464 | D:10     | Killed a two-headed ogre
 11464 | D:10     | Reached skill level 9 in Maces & Flails
 11771 | D:10     | Found Noebrue's Book Shoppe.
 11776 | D:10     | Got a polished great sword
 11817 | D:10     | Gained mutation: You have a pair of small antennae on your head. [demonic ancestry]
 11817 | D:10     | Reached XP level 11. HP: 87/87 MP: 11/11
 12801 | Lair:1   | Entered Level 1 of the Lair of Beasts
 12890 | Lair:1   | Found a labyrinth entrance.
 12901 | Lab      | Entered a labyrinth
 13306 | Lab      | Noticed an unseen horror
 13335 | Lab      | Killed an unseen horror
 13389 | Lab      | Got a twisted buckler
 13401 | Lab      | Identified the cursed +0 buckler "Teledet" {rElec rCorr Str-4 Stlth+} (You found it in a labyrinth)
 13417 | Lab      | Identified the +9 great sword "Wunir" {drain, Dex+4} (You found it on level 10 of the Dungeon)
 13883 | Lab      | Reached skill level 1 in Long Blades
 13887 | Lab      | HP: 6/130 [gargoyle/stone arrow (16)]
 13888 | Lab      | Killed from afar by a gargoyle

Skill      XL: |  1  2  3  4  5  6  7  8  9 10 11 |
---------------+----------------------------------+-----
Axes           | 3 4 5 |  5.1
Armour         | 2 3 4 5 6 7 |  7.6
Fighting       | 4 5 6 7 8 |  8.7
Maces & Flails | 1 3 5 7 9 |  9.7
Shields        | 1 2 3 5 6 |  6.5
Long Blades    | 1 |  1.9
Dodging        | |  1.7

Action                   |  1- 3 |  4- 6 |  7- 9 | 10-12 || total
-------------------------+-------+-------+-------+-------++-------
Melee: Hand axe          |   143 |    94 |       |       ||   237
       War axe           |       |    71 |       |       ||    71
       Flail             |       |    55 |   628 |   537 ||  1220
       Great sword       |       |       |       |     9 ||     9
Throw: Javelin           |       |       |     3 |       ||     3
Invok: Berserk           |     2 |     4 |    11 |     7 ||    24
       Trog's Hand       |       |     1 |     6 |     2 ||     9
  Use: Scroll            |       |     5 |     6 |     3 ||    14
       Potion            |       |       |     3 |       ||     3
 Stab: Sleeping          |     1 |     3 |       |       ||     4
  Eat: Chunk             |     6 |    10 |    13 |    11 ||    40
       Ration            |       |       |     5 |     8 ||    13
Armor: Leather armour    |     7 |       |       |       ||     7
       Animal skin       |     3 |       |       |       ||     3
       Ring mail         |    43 |   106 |       |       ||   149
       Chain mail        |       |    37 |   165 |       ||   202
       Plate armour      |       |       |   441 |   407 ||   848
Dodge: Dodged            |   101 |   166 |   293 |   217 ||   777
Block: Buckler           |       |     6 |   174 |   138 ||   318
       Rpst.: Great sword |       |       |       |     3 ||     3
